 Dungeon Crawl Stone Soup version 0.23-a0-671-g42e8185 (webtiles) character file.

21 snetch the Chopper (level 2, -1/27 HPs)
             Began as a Minotaur Berserker on Jan 9, 2019.
             Was a Follower of Trog.
             Slain by a worm (6 damage)
             ... on level 2 of the Dungeon.
             The game lasted 00:01:31 (477 turns).

snetch the Chopper (Minotaur Berserker)              Turns: 477, Time: 00:01:32

Health: -1/27      AC:  2    Str: 21    XL:     2   Next: 65%
Magic:  1/1        EV: 12    Int:  4    God:    Trog [*.....]
Gold:   5          SH:  0    Dex:  9    Spells: 1/1 levels left

rFire    . . .     SeeInvis .   a - +0 hand axe
rCold    . . .     Gourm    .   (no shield)
rNeg     . . .     Faith    .   b - +0 animal skin
rPois    .         Spirit   .   (helmet restricted)
rElec    .         Reflect  .   (no cloak)
rCorr    .         Harm     .   (no gloves)
MR       .....                  (no boots)
Stlth    +.........             (no amulet)
HPRegen  0.09/turn              (no ring)
MPRegen  0.07/turn              (no ring)

@: lethally poisoned (-1 -> -3)
A: retaliatory headbutt, horns 2
a: Berserk, Renounce Religion


You were on level 2 of the Dungeon.
You worshipped Trog.
Trog was aware of your devotion.
You were not hungry.

You visited 1 branch of the dungeon, and saw 2 of its levels.

You collected 5 gold pieces.

Inventory:

Hand Weapons
 a - a +0 hand axe (weapon)
Missiles
 f - 13 arrows
Armour
 b - a +0 animal skin (worn)
Scrolls
 d - a scroll of remove curse {unknown}
 h - a scroll of enchant weapon {unknown}
 i - a scroll of identify {unknown}
Potions
 e - a potion of mutation {unknown}
 g - a potion of curing {unknown}
Comestibles
 c - a ration
 j - 3 chunks of flesh


   Skills:
 + Level 4.0 Fighting
 + Level 4.0 Axes
 + Level 2.5 Armour
 + Level 2.8 Dodging


You had one spell level left.
You didn't know any spells.
Your spell library was empty.

Dungeon Overview and Level Annotations

Branches:
Dungeon (2/15)

Altars:
Hepliaklqana


Innate Abilities, Weirdness & Mutations

You reflexively headbutt those who attack you in melee.
You have a pair of horns on your head.


Message History

The worm is severely wounded.
You hit the adder. The adder bites you.
You are poisoned.
The adder poisons you! The worm misses you.
You closely miss the adder.
The adder is heavily wounded.
You hit the worm.
You feel sick. The adder barely misses you. You furiously retaliate!
You headbutt the adder. The adder bites you. The worm bites you.
You slash the adder!
You kill the adder!
Trog accepts your kill.
You hit the worm but do no damage. You barely miss the worm. You hit the worm.
You feel sick. The worm barely misses you. The worm bites you!
* * * LOW HITPOINT WARNING * * *
Unknown command.
You feel sick. The worm bites you.
You die...

####### #
#.....#.#
#.###.#.# #.
#...<...#
._..####..######
#............> .
#..##@########
... #.ww....#
.....#..####.#
......†w...#
....#..!##...#
### #.... ..#
#....#. .#
#........ #
#......#.#.


You could see 3 worms.

Vanquished Creatures
  An adder (D:2)
  A bat (D:1)
  A giant cockroach (D:1)
  3 hobgoblins (D:1)
  2 jackals (D:1)
  2 kobolds (D:1)
  A rat (D:1)
11 creatures vanquished.

Notes
Turn   | Place    | Note
-------+----------+-------------------------------------------
     0 | D:1      | snetch the Minotaur Berserker began the quest for the Orb.
     0 | D:1      | Reached XP level 1. HP: 19/19 MP: 0/0
    58 | D:1      | Reached XP level 2. HP: 3/27 MP: 1/1
   462 | D:2      | Found a hazy altar of Hepliaklqana.
   477 | D:2      | Slain by a worm

Vault maps used:
D:1:      minmay_arrival_semitransparent
D:2:      wad_pebble_path, zin_purify, lemuel_crystal_altar, serial_glass,
          glass_columns_a, glass_columns_b, glass_columns_a,
          nicolae_gozag_seed_capital

Skill      XL: |  1  2 |
---------------+-------+-----
Axes           | 4 |  4.0
Fighting       | 4 |  4.0
Armour         | |  2.5
Dodging        | |  2.8

Action                   || total
-------------------------++-------
Melee: Hand axe          ||    32
       Headbutt          ||     3
Armor: Animal skin       ||     8
Dodge: Dodged            ||    21

Table legend:
 A = Non-vault XP
 B = Vault XP
 C = Vault XP percentage of total XP
 D = Non-vault monster count
 E = Vault monster count
 F = Vault count percentage of total count
                 A         B        C        D         E       F
            +---------+---------+-------+---------+---------+-------
      Total |      31 |       0 |   0.0 |      11 |       0 |   0.0
            +---------+---------+-------+---------+---------+-------
        D:1 |      18 |       0 |   0.0 |      10 |       0 |   0.0
        D:2 |      13 |       0 |   0.0 |       1 |       0 |   0.0
            +---------+---------+-------+---------+---------+-------
